AoeStats
← Lucas Grijander

Northern Isles

510407961Analyzed
1v1 RM · 14h ago on Sep 30, 2026· 55m 24s· 2 players
Game mode
Random Map
Map size
Tiny (2 player)
Population
200
Speed
Normal
Resources
Standard
Victory
Conquest
Starting age
Dark Age
Ending age
Imperial Age
RankedLock teamsTeams togetherTeam positionsShared explorationLock speedFull tech treeHidden civsTurbo modeCheats
Victory
Defeat
🇪🇸 Saxons · Spain
874
+15
🇬🇧 Mapuche · United Kingdom
863
-15
OnyxEnquiry
6:22 Loom
14:19 Feudal Age
18:01 Fletching
20:03 Champi Runner
30:33 Forging
35:38 Castle Age
36:16 Pikeman
36:18 Champi Warrior
43:20 Iron Casting
46:17 Scale Mail Armor
51:54 Bodkin Arrow
51:42 Horse Collar
Lucas Grijander
6:31 Loom
10:36 Feudal Age
11:52 Man-at-Arms
14:10 Wheelbarrow
14:29 Arson
27:16 Castle Age
31:13 Stone Mining
33:25 Double-Bit Axe
33:36 Horse Collar
34:53 Husbandry
35:03 Bloodlines
37:03 Hand Cart
38:38 Heavy Plow
39:02 Gold Mining
44:45 Imperial Age
43:47 Squires
43:41 Gambesons
43:58 Murder Holes
44:05 Pikeman
47:32 Fletching
47:51 Long Swordsman
Connection lost

Rejoining the realm…

Still unreachable

The connection could not be restored.

Session expired

The server has moved on; the page needs a fresh start.